 Dungeon Crawl Stone Soup version 0.29.1-13-g9f3cf754e1 (webtiles) character file.

Game seed: 5190377416095924007

138 Heoruswealwe the Grave Robber (level 5, -2/28 HPs)
             Began as a Deep Elf Necromancer on Feb 9, 2023.
             Slain by Grinder (6 damage)
             ... on level 3 of the Dungeon.
             The game lasted 00:31:20 (2498 turns).

Heoruswealwe the Grave Robber (DENe)                Turns: 2498, Time: 00:31:21

Health: -2/28      AC:  7    Str:  5    XL:     5   Next: 1%
Magic:  7/14       EV: 12    Int: 22    God:
Gold:   128        SH:  0    Dex: 15    Spells: 10/14 levels left

rFire   . . .      SeeInvis .   b - +4 quarterstaff (chaos)
rCold   . . .      Faith    .   (shield currently unavailable)
rNeg    . . .      Spirit   .   G - +0 robe
rPois   .          Reflect  .   (no helmet)
rElec   .          Harm     .   U - +2 cloak
rCorr   .          Rampage  .   d - +0 pair of gloves
Will    .....                   j - +0 pair of boots
Stlth   ++........              (no amulet)
HPRegen 0.09/turn               (no ring)
MPRegen 0.14/turn               (no ring)

@: no status effects
A: no striking features
a: no special abilities


You were on level 3 of the Dungeon.
You visited 1 branch of the dungeon, and saw 3 of its levels.

You collected 134 gold pieces.
You donated 6 gold pieces to Zin.

Inventory:

Hand Weapons
 b - a +4 quarterstaff of chaos (weapon)
 c - a +0 short sword
 h - a +0 club
 n - a +0 dagger
 o - a +0 dagger of venom
 r - a +0 club
 s - a +0 club
 t - a +0 sling
 u - a +0 dagger
 B - a +0 dagger of venom
 C - a +0 dagger
 D - a +0 whip
 H - a +0 mace
 J - a +0 hammer
 L - a +0 club
 M - a +0 dagger
 N - a +0 club
 O - a +0 club
 P - a +0 dagger
 Q - a +0 dagger
 S - a +0 short sword
 V - a +0 dagger
 W - a +0 dagger
Missiles
 f - 30 stones
Armour
 a - a +0 robe
 d - a +0 pair of gloves (worn)
 i - a +0 helmet
 j - a +0 pair of boots (worn)
 m - a +0 ring mail
 v - a +0 robe
 y - a +0 pair of boots
 E - a +0 leather armour
 G - a +0 robe (worn)
 I - a +0 cloak
 U - a +2 cloak (worn)
Scrolls
 e - a scroll of amnesia {unknown}
 g - 2 scrolls of enchant weapon {unknown}
 l - a scroll of enchant armour {unknown}
 q - a scroll of poison {unknown}
 w - 4 scrolls of teleportation {unknown}
 x - a scroll of fear {unknown}
 A - a scroll of noise {unknown}
 F - a scroll of identify {unknown}
 R - a scroll of magic mapping {unknown}
 T - a scroll of blinking {unknown}
Potions
 k - a potion of flight {unknown}
 p - a potion of haste
 z - 2 potions of curing {unknown}
 K - 2 potions of magic


   Skills:
 + Level 2.5 Dodging
 + Level 2.7 Stealth
 + Level 5.0 Spellcasting
 + Level 6.5 Necromancy


You had 10 spell levels left.
You knew the following spells:

 Your Spells              Type           Power      Damage    Failure   Level
a - Necrotise             Necr           100%       1d9       1%          1
b - Vampiric Draining     Necr           34%        2d8       1%          3

Your spell library contained the following spells:

 Spells                   Type           Power      Damage    Failure   Level
 Animate Dead             Necr           34%        N/A       7%          4
 Agony                    Necr           34%        N/A       19%         5
 Gell's Gravitas          Tloc           5%         N/A       30%         3
 Teleport Other           Tloc           5%         N/A       30%         3
 Dispersal                Tloc           2%         N/A       100%        6


Dungeon Overview and Level Annotations

Branches:
Dungeon (3/15)

Altars:
Zin

Annotations:
D:3 Grinder


Message History

Press: ? - help, Shift-Dir - straight line, f/p - adder
Aim: an adder (moderately wounded)
You draw life force from the adder.
You kill the adder!
Your Spellcasting skill increases to level 5!
You have reached level 5!
You see here a bat corpse.
Grinder comes into view.
Grinder shouts!
Grinder drinks a potion.
Grinder seems to speed up.
You see here a bubbling red potion.
Grinder misses you. Grinder hits you.
You writhe in agony.
Grinder grins, showing sharp teeth.
Grinder barely misses you. Grinder attacks as you move away!
Grinder hits you but does no damage.
Grinder blinks!
Grinder gestures at you.
You struggle to resist.
Grinder misses you. Grinder attacks as you move away! Grinder hits you.
You writhe in agony.
Grinder gestures at you. You resist with significant effort.
You see here a bat corpse.
Press: ? - help, v - describe, . - travel
Here: Grinder (fast)
The floor.
Casting: Vampiric Draining (safe; 1% risk of failure)
Confirm with . or Enter, or press ? or * to list all spells.
You can't see any susceptible monsters within range! (Use Z to cast anyway.)
You hit Grinder.
Grinder is lightly wounded.
Grinder gestures at you. You resist with significant effort.
Grinder hits you but does no damage.
You sock Grinder!
Grinder suddenly seems more agile.
Grinder is moderately wounded.
Grinder hits you but does no damage. Grinder hits you!
* * * LOW HITPOINT WARNING * * *
You writhe in agony.
You die...

#...........#
#...........#
#...........#
#...........#
#...........#
#...........#
######...####
##5.##############
#@..............#
#.##.#########.###
#.................
########........#......##
#...............#......##
#......................##
#......................##
#.......#..............##
#.......########.......##


You could see Grinder (fast, agile).

Vanquished Creatures
  Crazy Yiuf (D:2)
  Jessica (D:2)
  4 adders
  A dart slug (D:3)
  5 endoplasms
  10 goblins
  6 hobgoblins
  2 quokkas (D:2)
  2 ball pythons
  6 bats
  4 frilled lizards
  A kobold (D:2)
  3 rats
46 creatures vanquished.

Vanquished Creatures (collateral kills)
  A goblin (D:2)
  A ball python (D:2)
  A rat (D:1)
3 creatures vanquished.

Vanquished Creatures (others)
  9 plants (D:2)
9 creatures vanquished.

Grand Total: 58 creatures vanquished

Notes
Turn   | Place    | Note
-------+----------+-------------------------------------------
     0 | D:1      | Heoruswealwe the Deep Elf Necromancer began the quest for
                  | the Orb.
     0 | D:1      | Reached XP level 1. HP: 10/10 MP: 6/6
   217 | D:1      | Reached skill level 5 in Necromancy
   555 | D:1      | Found a faded altar of an unknown god.
   563 | D:1      | Prayed at the altar of an unknown god.
   563 | D:1      | Became a worshipper of Zin the Law-Giver
   563 | D:1      | Reached * piety under Zin
   565 | D:1      | Fell from the grace of Zin
   835 | D:2      | Reached XP level 2. HP: 15/15 MP: 1/8
   891 | D:2      | Noticed Jessica
   899 | D:2      | Killed Jessica
   900 | D:2      | Reached XP level 3. HP: 12/19 MP: 5/10
  1314 | D:2      | Reached skill level 6 in Necromancy
  1376 | D:2      | Learned a level 3 spell: Vampiric Draining
  1589 | D:2      | Reached XP level 4. HP: 24/24 MP: 8/12
  1649 | D:2      | Found a runed translucent door.
  1650 | D:2      | Noticed Crazy Yiuf
  1662 | D:2      | Killed Crazy Yiuf
  2469 | D:3      | Reached skill level 5 in Spellcasting
  2469 | D:3      | Reached XP level 5. HP: 28/28 MP: 3/14
  2472 | D:3      | Noticed Grinder
  2498 | D:3      | Slain by Grinder

Illustrated notes

Levels and vault maps discovered:
D:1:      ebering_trefoil_twist, layout_loops_ring,
          hellmonk_ecumenical_altar_zigzags, minivault_11,
          hangedman_decor_lopped
D:2:      layout_basic, corexii_corridor_pit, serial_bayou_crossing,
          uniq_jessica, uniq_crazy_yiuf_cottage
D:3:      kennysheep_the_goblin_king, layout_basic, uniq_grinder

Skill      XL: |  1  2  3  4 |
---------------+-------------+-----
Necromancy     | 5 6 |  6.5
Spellcasting   | 4 5 |  5.0
Dodging        | |  2.5
Stealth        | |  2.7

Action                   |  1- 3 |  4- 6 || total
-------------------------+-------+-------++-------
Melee: Dagger            |    49 |       ||    49
       Punch             |     2 |       ||     2
       Quarterstaff      |       |     2 ||     2
 Cast: Necrotise         |    38 |    17 ||    55
       Vampiric Draining |     2 |    15 ||    17
Invok: Renounce Religion |     1 |       ||     1
  Use: Potion            |       |     1 ||     1
Armor: Robe              |     1 |     4 ||     5
Dodge: Dodged            |     1 |     6 ||     7
